 Dungeon Crawl Stone Soup version 0.30-b1-2-g02819fbbbe (webtiles) character file.

Game seed: 16736725686382340710

204 Fartwhistle the Changer (level 5, -1/34 HPs)
             Began as an Octopode Transmuter on May 25, 2023.
             Slain by a hound (3 damage)
             ... on level 4 of the Dungeon.
             The game lasted 00:11:19 (3726 turns).

Fartwhistle the Changer (Octopode Transmuter)       Turns: 3726, Time: 00:11:19

Health: -1/34      AC:  1    Str:  9    XL:     5   Next: 82%
Magic:  3/10       EV: 13    Int: 18    God:
Gold:   234        SH:  0    Dex: 12    Spells: 4/10 levels left

rFire   . .          .
                       - Unarmed
rCold   . . .        (no shield)
rNeg    . . .        (helmet restricted)
rPois   .            (no amulet)
rElec   .            m - ring of willpower
rCorr   .            n - ring of willpower
SInv    .            (no ring)
Will    +....        (no ring)
Stlth   ++           (no ring)
HPRegen 0.25/turn    (no ring)
MPRegen 0.12/turn    (no ring)
                     (no ring)

%: no passive effects
@: weak-willed, wereblooded, very slightly contaminated
A: almost no armour, amphibious, 8 rings, camouflage 1, gelatinous body 1,
(nimble swimmer 1), tentacles
a: no special abilities


You were on level 4 of the Dungeon.
You visited 1 branch of the dungeon, and saw 4 of its levels.

You collected 234 gold pieces.

Inventory:

Missiles
 g - 3 atropa-tipped darts
 l - 3 poisoned darts
 v - a boomerang
 w - a javelin
 x - a throwing net
Jewellery
 m - a ring of willpower (left tentacle)
 n - a ring of willpower (right tentacle)
Wands
 a - a wand of quicksilver (6)
Scrolls
 c - 2 scrolls of immolation
 e - 3 scrolls of poison
 j - 2 scrolls of magic mapping
 s - 2 scrolls of noise
 t - a scroll of blinking {unknown}
 u - a scroll of fear
Potions
 b - a potion of heal wounds
 d - 2 potions of curing
 h - a potion of mutation {unknown}
 k - 3 potions of berserk rage {unknown}
 o - a potion of invisibility {unknown}
 r - a potion of degeneration {unknown}


   Skills:
 + Level 1.9 Fighting
 - Level 2.0 Dodging
 + Level 3.2 Unarmed Combat
 + Level 3.4 Spellcasting
 + Level 3.6 Transmutations
 + Level 2.6 Poison Magic


You had 4 spell levels left.
You knew the following spells:

 Your Spells              Type           Power      Damage    Failure   Level
a - Beastly Appendage     Tmut           32%        N/A       3%          1
b - Wereblood             Tmut           16%        N/A       5%          2
c - Spider Form           Tmut/Pois      14%        N/A       13%         3

Your spell library contained the following spells:

 Spells                   Type           Power      Damage    Failure   Level
 Passwall                 Tmut/Erth      7%         N/A       12%         2
 Apportation              Tloc           6%         N/A       16%         1
 Sandblast                Erth           6%         2d5       16%         1
 Slow                     Hex            12%        N/A       16%         1
 Call Canine Familiar     Summ           3%         N/A       43%         3
 Confusing Touch          Hex            3%         N/A       43%         3
 Portal Projectile        Hex/Tloc       6%         N/A       43%         3
 Stone Arrow              Conj/Erth      6%         3d7       43%         3
 Vampiric Draining        Necr           3%         2d6       43%         3
 Ice Form                 Ice/Tmut       9%         N/A       58%         4
 Leda's Liquefaction      Hex/Erth       1%         N/A       83%         4
 Alistair's Intoxication  Tmut/Pois      9%         N/A       77%         5


Dungeon Overview and Level Annotations

Branches:
Dungeon (4/15)
 Temple: D:4-7

Altars:

Shops:
D:4 (


Innate Abilities, Weirdness & Mutations

You cannot wear most types of armour.
You are amphibious.
You can wear up to eight rings at the same time.
Your skin changes colour to match your surroundings (Stealth+).
Your rubbery body absorbs attacks. (AC +1, EV +1)
((You are camouflaged when in or above water. (Stealth+)))
You have tentacles for arms and can constrict up to eight enemies at once.


Message History

Casting: Spider Form (quite dangerous; 13% risk of failure)
Confirm with . or Enter, or press ? or * to list all spells.
The spell is quite dangerous to miscast (13% risk of failure)!
Continue anyway?
You miscast Spider Form.
Nothing appears to happen.
The iguana hisses menacingly.
The hound bites you.
Unknown command.
You tentacle-slap the hound but do no damage.
Your grab misses the hound.
Your tentacle-slap misses the hound.
The hound bites you. x2
The hound attacks as you move away! The hound misses you.
The hound attacks as you move away! The hound misses you. The hound bites you.
* * * LOW HITPOINT WARNING * * *
The hound closely misses you. The hound attacks as you move away!
The hound closely misses you.
Okay, then.
Okay, then.
As you read the scroll labelled ETSOYL PIAMUI, it crumbles to dust.
It is a scroll of enchant armour.
You aren't carrying any armour which can be enchanted further.
The hound barely misses you. The hound misses you.
The giant cockroach completely misses you.
As you read the scroll labelled BIUSOHUCHOE, it crumbles to dust.
It is a scroll of enchant weapon.
You aren't carrying any weapons that can be enchanted.
The hound bites you.
* * * LOW HITPOINT WARNING * * *
The giant cockroach bites you.
* * * LOW HITPOINT WARNING * * *
As you read the scroll labelled SOIGOGRAWA, it crumbles to dust.
Magic quickly surges around you.
It was a scroll of vulnerability.
The hound bites you but does no damage. The giant cockroach barely misses you.
The hound barely misses you.
As you read the scroll labelled BEUDGHU DYMAR, it crumbles to dust.
It is a scroll of identify.
u - a scroll of fear The giant cockroach bites you.
* * * LOW HITPOINT WARNING * * *
The hound bites you.
You die...

#............#......#.
#............#......#.
#####'##.....#####'##.
##....# .....#........
#.....#......#.......#
#.....#......#.......#
#....l#......#.......#
####Bh##.....#.......#
#.####.@##.....#.......#
...............'.......#
...............#.......'
##########.....#.....†.#
........#.....#.......#
........#.....#.......#
........#.....#.......#
........#.....#...)...#
#.....#.....#........


You could see an iguana (weak-willed), a hound (weak-willed) and a giant
cockroach (weak-willed).

Vanquished Creatures
  A jelly (D:4)
  Robin (D:3)
  9 adders
  2 worms (D:2)
  A dart slug (D:4)
  An orc (D:4)
  5 endoplasms
  2 giant cockroaches
  7 hobgoblins
  7 quokkas
  3 training dummies (D:4)
  7 ball pythons
  6 bats
  2 frilled lizards (D:1)
  10 goblins
  5 kobolds
  5 rats
74 creatures vanquished.

Vanquished Creatures (others)
  A goblin (D:3)
1 creature vanquished.

Grand Total: 75 creatures vanquished

Notes
Turn   | Place    | Note
-------+----------+-------------------------------------------
     0 | D:1      | Fartwhistle the Octopode Transmuter began the quest for the
                  | Orb.
     0 | D:1      | Reached XP level 1. HP: 13/13 MP: 3/3
    16 | D:1      | Found a faded altar of an unknown god.
   269 | D:1      | Reached XP level 2. HP: 16/18 MP: 5/5
   407 | D:1      | Learned a level 2 spell: Wereblood
   845 | D:2      | Reached XP level 3. HP: 17/23 MP: 6/6
   852 | D:2      | Learned a level 3 spell: Spider Form
   983 | D:2      | Reached skill level 1 in Poison Magic
  1255 | D:2      | Reached XP level 4. HP: 28/28 MP: 8/8
  1901 | D:3      | Noticed Robin
  2340 | D:3      | Reached XP level 5. HP: 27/33 MP: 9/9
  2936 | D:3      | Killed Robin
  3068 | D:4      | Found Yloij's Firing Range.
  3726 | D:4      | Slain by a hound

Illustrated notes

Levels and vault maps discovered:
D:1:      lemuel_arrival_behind_the_door_small, layout_loops_ring,
          shapermc_ecumenical_altar_acropolis, roderic_three_in_a_row,
          kennysheep_another_room
D:2:      layout_basic, minmay_tripent
D:3:      layout_loops_corners, uniq_robin
D:4:      layout_gridville, minmay_temple_entry_purple_smoke,
          nicolae_shop_firing_range

Skill      XL: |  1  2  3  4 |
---------------+-------------+-----
Poison Magic   | 1 2 |  2.6
Transmutations | 3 |  3.6
Spellcasting   | 3 |  3.4
Fighting       | |  1.9
Dodging        | |  2.0
Unarmed Combat | |  3.2

Action                     |  1- 3 |  4- 6 || total
---------------------------+-------+-------++-------
  Melee: Unarmed           |    79 |   103 ||   182
         Constrict         |    18 |    16 ||    34
         Tentacles         |    12 |    16 ||    28
         Kick              |     3 |       ||     3
         Punch             |       |     3 ||     3
  Throw: Boomerang         |       |     1 ||     1
   Cast: Beastly Appendage |     2 |       ||     2
         Spider Form       |     1 |     5 ||     6
         Wereblood         |     1 |     2 ||     3
  Evoke: Wand              |       |     2 ||     2
    Use: Scroll            |       |     8 ||     8
         Potion            |       |     6 ||     6
   Stab: Sleeping          |     7 |     7 ||    14
 Armour: Skin              |     7 |     7 ||    14
  Dodge: Dodged            |    41 |    98 ||   139
